 Dungeon Crawl Stone Soup version 0.28-a0-1202-g1e6f1b2279 (webtiles) character file.

Game seed: 1642996665793875022

403 Htamos the Magician (level 7, -5/50 HPs)
             Began as a Djinni Conjurer on Dec 20, 2021.
             Was an Initiate of Elyvilon.
             Slain by a phantom (6 damage)
             ... on level 6 of the Dungeon.
             The game lasted 00:09:41 (4642 turns).

Htamos the Magician (Djinni Conjurer)               Turns: 4642, Time: 00:09:42

Health: -5/50      AC:  5    Str:  6    XL:     7   Next: 11%
Gold:   122        EV: 12    Int: 21    God:    Elyvilon [......] SH:  0 Dex: 12

rFire   + + .      SeeInvis +   g - +0 quarterstaff
rCold   x . .      Faith    .   (shield currently unavailable)
rNeg    . . .      Spirit   .   w - +0 leather armour
rPois   ∞          Reflect  .   (no helmet)
rElec   .          Harm     .   l - +0 cloak
rCorr   .          Rampage  .   c - +0 pair of gloves
Will    .....                   (boots unavailable)
Stlth   ++........              (no amulet)
HPRegen 0.16/turn               n - ring of see invisible
MPRegen 0.00/turn               (no ring)

@: flying, very slightly contaminated, slowed, very slow
A: sickness immunity, fire resistance 2, cold vulnerability 1, float, innate
caster, hp casting, extra vitality 1
a: Renounce Religion


You were on level 6 of the Dungeon.
You worshipped Elyvilon.
Elyvilon was noncommittal.
You visited 2 branches of the dungeon, and saw 6 of its levels.

You collected 122 gold pieces.

Inventory:

Hand Weapons
 g - a +0 quarterstaff (weapon)
 u - a +0 spear
Missiles
 d - 158 stones
 v - 17 poisoned darts
Armour
 a - a +0 robe
 c - a +0 pair of gloves (worn)
 e - a +0 scale mail
 l - a +0 cloak (worn)
 t - a +0 ring mail
 w - a +0 leather armour (worn)
Jewellery
 n - a ring of see invisible (left hand)
Scrolls
 b - 3 scrolls of identify {unknown}
 f - 2 scrolls of enchant weapon {unknown}
 h - a scroll of holy word {unknown}
 k - 2 scrolls of teleportation
 m - 2 scrolls of noise
 o - a scroll of summoning {unknown}
 p - a scroll of fear {unknown}
 q - a scroll of amnesia {unknown}
 r - a scroll of blinking {unknown}
 x - 2 scrolls of immolation {unknown}
Potions
 i - 2 potions of mutation {unknown}
 j - a potion of haste
 s - 2 potions of brilliance {unknown}


   Skills:
 + Level 3.3 Fighting
 + Level 4.1 Dodging
 - Level 1.7 Stealth
 * Level 4.8 Spellcasting


You couldn't memorise any spells.
You knew the following spells:

 Your Spells              Type           Power      Damage    Failure   Level
a - Magic Dart            Conj           100%       1d8       2%          1
b - Fulminant Prism       Conj/Hex       12%        3d9       22%         4
c - Iskenderun's Mystic   Conj/Tloc      25%        2d7       22%         4
d - Searing Ray           Conj           50%        2d6       3%          2
e - Dazzling Flash        Conj/Hex       50%        N/A       7%          3
f - Animate Skeleton      Necr           50%        N/A       2%          1
g - Corpse Rot            Necr/Air       50%        N/A       3%          2
h - Wereblood             Tmut           25%        N/A       3%          2
Your spell library was empty.

Dungeon Overview and Level Annotations

Branches:
Dungeon (6/15)             Temple (1/1) D:5

Altars:
Cheibriados
Dithmenos
Elyvilon
Fedhas
Hepliaklqana
Kikubaaqudgha
Makhleb
Okawaru
Ru
The Shining One

Annotations:
D:3 3 runed translucent doors, Whiskymancer's ghost, weakling PaAK


Innate Abilities, Weirdness & Mutations

You are immune to sickness and miasma.
You are immune to poison.
Your flesh is very heat resistant. (rF++)
You are vulnerable to cold. (rC-)
You float through the air rather than walking.
You learn spells naturally, not from books.
Your magical power is your life essence.
You have superior vitality. (+4 HP)


Message History

Casting: Magic Dart (safe; 2% risk of failure)
Confirm with . or Enter, or press ? or * to list all spells.
The spell is quite dangerous to miscast (22% risk of failure)!
Continue anyway?
Okay, then.
Casting: Fulminant Prism (quite dangerous; 22% risk of failure)
Confirm with . or Enter, or press ? or * to list all spells.
Aiming: Magic Dart (safe; 2% risk of failure)
Press: ? - help, Shift-Dir - straight line, f/p - phantom
Aim: a phantom (heavily damaged, 100% to hit)
The magic dart hits the phantom.
The phantom is severely damaged.
The phantom hits you!
Casting: Magic Dart (safe; 2% risk of failure)
Confirm with . or Enter, or press ? or * to list all spells.
Aiming: Magic Dart (safe; 2% risk of failure)
Press: ? - help, Shift-Dir - straight line, f/p - phantom
Aim: a phantom (severely damaged, 100% to hit)
The magic dart hits the phantom but does no damage.
The phantom is severely damaged.
The phantom hits you.
* * * LOW HITPOINT WARNING * * *
The phantom blinks!
You blink.
Casting: Magic Dart (safe; 2% risk of failure)
Confirm with . or Enter, or press ? or * to list all spells.
The spell is quite dangerous to miscast (22% risk of failure)!
Continue anyway?
Aiming: Fulminant Prism (quite dangerous; 22% risk of failure)
Press: ? - help, Dir - move target, p - phantom You miscast Fulminant Prism.
You are very lightly contaminated with residual magic.
The light around you dims momentarily.
You feel yourself slow down.
* * * LOW HITPOINT WARNING * * *
The phantom hits you!
* * * LOW HITPOINT WARNING * * *
The phantom hits you.
* * * LOW HITPOINT WARNING * * *
The phantom hits you!
* * * LOW HITPOINT WARNING * * *
The phantom blinks!
You blink.
The phantom hits you.
You die...

#........###.#.....#.......#
#............####..#....##.#
##............#.........[##.#
..............#.##.###..<##.#
######....)...#..........##.#
#...........#..#.#.#...#
#.....#####.#......#....
#.....# #.#..#.#......
##.....#####@#....+......
#..........W.##.# #. .....
#......########. #. ......
#......## #.......# #######.#
#.#######.### #............
#.....#....


You could see a phantom.

Vanquished Creatures
  A centaur (D:5)
  A phantom (D:5)
  2 orc priests (D:5)
  An iguana (D:5)
  A bullfrog skeleton (D:5)
  A hound zombie (D:5)
  4 gnolls
  3 adders
  A dart slug (D:5)
  5 orcs
  2 bats
  3 endoplasms
  3 giant cockroaches
  6 goblins
  8 hobgoblins
  6 jackals
  3 kobolds
  A quokka (D:3)
52 creatures vanquished.

Vanquished Creatures (others)
  6 fulminant prisms (D:5)
6 creatures vanquished.

Grand Total: 58 creatures vanquished

Notes
Turn   | Place    | Note
-------+----------+-------------------------------------------
     0 | D:1      | Htamos the Djinni Conjurer began the quest for the Orb.
     0 | D:1      | Reached XP level 1. HP: 15/15 MP: 0/0
   435 | D:1      | Reached XP level 2. HP: 17/21 MP: 0/0
   739 | D:1      | Found a faded altar of an unknown god.
   777 | D:1      | Reached skill level 1 in Fighting
   777 | D:1      | Reached XP level 3. HP: 19/27 MP: 0/0
   777 | D:1      | Learned a level 1 spell: Animate Skeleton
  1443 | D:2      | Reached XP level 4. HP: 20/33 MP: 0/0
  2349 | D:3      | Found a runed translucent gate.
  2349 | D:3      | Found a runed translucent gate.
  2349 | D:3      | Noticed Whiskymancer's ghost (weakling PaAK)
  2350 | D:3      | Found a runed translucent gate.
  2660 | D:3      | You are sucked into a shaft and drop 2 floors!
  2660 | D:5      | Entered Level 5 of the Dungeon
  2660 | D:5      | Found a glowing golden altar of the Shining One.
  2747 | D:5      | Found a staircase to the Ecumenical Temple.
  2763 | Temple   | Entered the Ecumenical Temple
  2941 | Temple   | Became a worshipper of Elyvilon the Healer
  3160 | D:5      | Noticed a centaur
  3165 | D:5      | Noticed a phantom
  3170 | D:5      | Killed a centaur
  3171 | D:5      | Reached XP level 5. HP: 22/39 MP: 0/0
  3171 | D:5      | Learned a level 2 spell: Corpse Rot
  3452 | D:5      | Reached XP level 6. HP: 13/45 MP: 0/0
  3563 | D:5      | Elyvilon protects you from harm!
  4294 | D:5      | Reached XP level 7. HP: 33/50 MP: 0/0
  4294 | D:5      | Learned a level 2 spell: Wereblood
  4639 | D:6      | HP: 1/50 [phantom (8)]
  4642 | D:6      | Slain by a phantom

Illustrated notes

Levels and vault maps discovered:
D:1:      dpeg_arrival_snail, layout_basic, basic_ecumenical_altar,
          lemuel_flame_loot_1
D:2:      layout_basic
D:3:      layout_loops_ring, ebering_ghost_rock_garden, item_on_display_a
D:5:      layout_basic, mainiacjoe_overflow_alcove_1, minmay_temple_entry_ruins,
          serial_shops, kennysheep_mini_moat
D:6:      layout_basic, nicolae_overflow_hidden_temple
Temple:   nicolae_temple_figure_zero

Skill      XL: |  1  2  3  4  5  6 |
---------------+-------------------+-----
Fighting       | 1 2 3 |  3.3
Dodging        | 3 4 |  4.1
Spellcasting   | 4 |  4.8
Stealth        | |  1.7

Action                   |  1- 3 |  4- 6 |  7- 9 || total
-------------------------+-------+-------+-------++-------
 Cast: Magic Dart        |    56 |    94 |    14 ||   164
       Fulminant Prism   |       |     6 |       ||     6
  Use: Potion            |       |     3 |       ||     3
       Scroll            |       |     3 |       ||     3
Armor: Robe              |     4 |     6 |       ||    10
Dodge: Dodged            |     6 |    18 |     2 ||    26

Table legend: (Time is in decaauts)
 A = Elapsed time spent in this place.
 B = Non-inter-level travel time spent in this place.
 C = Inter-level travel time spent in this place.
 D = Time resting spent in this place.
 E = Time spent auto-exploring this place.
 F = Levels seen in this place.
 G = Mean time per level.
                   A        B        C        D        E       F      G
               +--------+--------+--------+--------+--------+-----+--------+
         Total |   4624 |   4329 |    295 |    806 |   3017 |   6 |  770.7 |
       Dungeon |   4432 |   4160 |    272 |    806 |   2851 |   5 |  886.4 |
        Temple |    191 |    168 |     23 |      0 |    166 |   1 |  191.0 |
               +--------+--------+--------+--------+--------+-----+--------+

Top non-repeatable levels by time:
     D:5: 1630 daAuts
     D:1: 1389 daAuts
     D:2: 873 daAuts
     D:3: 397 daAuts
  Temple: 191 daAuts
     D:6: 141 daAuts
